 Dungeon Crawl Stone Soup version 0.28-a0-687-gb91baff9cc (webtiles) character file.

Game seed: 15693373275515545593

184 mordus the Shield-Bearer (level 5, -11/41 HPs)
             Began as a Formicid Fighter on Oct 19, 2021.
             Mangled by an ogre (18 damage)
             ... on level 4 of the Dungeon.
             The game lasted 00:04:31 (3352 turns).

mordus the Shield-Bearer (Formicid Fighter)         Turns: 3352, Time: 00:04:32

Health: -11/41     AC:  9    Str: 22    XL:     5   Next: 96%
Magic:  5/5        EV:  8    Int:  7    God:
Gold:   100        SH:  4    Dex: 10    Spells: 4/4 levels left

rFire   . . .      SeeInvis +   i - +1 whip (elec)
rCold   . . .      Faith    .   c - +0 buckler
rNeg    . . .      Spirit   .   h - +0 chain mail
rPois   .          Reflect  .   (helmet unavailable)
rElec   .          Harm     .   (no cloak)
rCorr   .          Rampage  .   (no gloves)
Will    .....                   (no boots)
Stlth   ..........              (no amulet)
HPRegen 0.13/turn               (no ring)
MPRegen 0.09/turn               (no ring)

@: no status effects
A: permanent stasis, dig shafts and tunnels, antennae 3, four strong arms
a: Dig, Shaft Self


You were on level 4 of the Dungeon.
You visited 1 branch of the dungeon, and saw 4 of its levels.

You collected 100 gold pieces.

Inventory:

Hand Weapons
 a - a +0 flail
 i - a +1 whip of electrocution (weapon)
Armour
 b - a +0 scale mail
 c - a +0 buckler (worn)
 h - a +0 chain mail (worn)
Scrolls
 e - a scroll of acquirement {unknown}
 f - 3 scrolls of identify {unknown}
 j - a scroll of amnesia {unknown}
 k - 3 scrolls of magic mapping {unknown}
 l - a scroll of holy word {unknown}
 q - 3 scrolls of teleportation {unknown}
 s - a scroll of enchant weapon {unknown}
 t - a scroll of fear {unknown}
 v - a scroll of summoning {unknown}
Potions
 d - a potion of might
 g - 3 potions of cancellation {unknown}
 m - a potion of haste {unknown}
 n - a potion of magic {unknown}
 o - a potion of flight {unknown}
 p - a potion of curing {unknown}
 r - a potion of lignification {unknown}
 u - a potion of degeneration {unknown}


   Skills:
 - Level 3.2 Fighting
 * Level 4.2 Maces & Flails
 + Level 4.3 Armour
 + Level 4.8 Shields


You had 4 spell levels left.
You didn't know any spells.
Your spell library contained the following spells:

 Spells                   Type           Power      Damage    Failure   Level
 Magic Dart               Conj           0%         1d3       98%         1
 Irradiate                Conj/Tmut      0%         3d13      100%        5
 Summon Cactus Giant      Summ           0%         N/A       100%        6
 Summon Hydra             Summ           0%         N/A       100%        7


Dungeon Overview and Level Annotations

Branches:
Dungeon (4/15)
 Temple: D:4-7

Altars:
Ashenzari

Shops:
D:1 (


Innate Abilities, Weirdness & Mutations

You cannot be hasted, slowed, berserked, paralysed or teleported.
You can dig through walls and to a lower floor.
You have a pair of large antennae on your head. (SInv)
Your four strong arms can wield two-handed weapons with a shield.


Message History

There are monsters nearby!
There are monsters nearby!
You hit the endoplasm.
The endoplasm is moderately wounded.
You hit the endoplasm.
You kill the endoplasm!
There are monsters nearby!
You hit the ogre.
The ogre is moderately wounded.
You block the ogre's attack. The ball python barely misses you.
The ball python grabs you. The ball python constricts you.
There are monsters nearby!
You closely miss the ball python. The ogre hits you with a +0 giant club!
The ball python bites you but does no damage.
The ball python constricts you.
There are monsters nearby!
You hit the ball python.
You kill the ball python!
You hit the ogre.
The ogre is moderately wounded.
You block the ogre's attack.
You hit the ogre.
The ogre is heavily wounded.
The ogre barely misses you.
The ogre hits you with a +0 giant club!!
You barely miss the ogre.
The ogre is heavily wounded.
You hit the ogre.
The ogre is severely wounded.
The ogre hits you with a +0 giant club!
* * * LOW HITPOINT WARNING * * *
Your chain mail prevents you from hitting the ogre.
The ogre is severely wounded.
The ogre closely misses you.
You barely miss the ogre.
The ogre is severely wounded.
You barely miss the ogre.
The ogre is severely wounded.
The ogre hits you with a +0 giant club!!
You die...

......# #.#
#....#
....#..=.#
#......+
....##.†.##
# #.......+
#.##.+#.#
.. ... #O#
.# .##.
#@## .. ..
#.<# # ##
#### {


You could see an ogre.

Vanquished Creatures
  A black bear (D:3)
  4 adders
  10 ball pythons
  5 endoplasms
  A giant cockroach (D:2)
  4 goblins
  5 hobgoblins
  6 jackals
  2 quokkas
  8 bats
  5 frilled lizards
  6 kobolds
  7 rats
64 creatures vanquished.

Vanquished Creatures (others)
  An endoplasm (D:4)
  A plant (D:1)
2 creatures vanquished.

Grand Total: 66 creatures vanquished

Notes
Turn   | Place    | Note
-------+----------+-------------------------------------------
     0 | D:1      | mordus the Formicid Fighter began the quest for the Orb.
     0 | D:1      | Reached XP level 1. HP: 18/18 MP: 1/1
    70 | D:1      | Found Footy's Antique Weapon Shop.
   233 | D:1      | Reached XP level 2. HP: 24/24 MP: 2/2
   737 | D:1      | Reached XP level 3. HP: 29/29 MP: 3/3
   940 | D:1      | Found a faded altar of an unknown god.
  1956 | D:2      | Found a broken altar of Ashenzari.
  2054 | D:2      | Reached XP level 4. HP: 35/35 MP: 4/4
  2786 | D:3      | Got the Incunabulum of the Escort and Battle Magic
  3015 | D:3      | Noticed a black bear
  3029 | D:3      | Killed a black bear
  3030 | D:3      | Reached XP level 5. HP: 16/41 MP: 5/5
  3332 | D:4      | Noticed an ogre
  3352 | D:4      | Mangled by an ogre

Illustrated notes

Levels and vault maps discovered:
D:1:      nagdon_arrival_double_spiral, layout_basic, serial_shops, shop,
          shapermc_ecumenical_altar_mp_urbaneastern, minmay_pentomino_u2
D:2:      layout_loops_corners, basic_altar
D:3:      minmay_spotlight, layout_basic
D:4:      layout_basic, grunt_temple_overflow_order_and_chaos_1,
          mainiacjoe_overflow_six_doors_small, minmay_temple_entry_ruins,
          gup_sewer_entry_spiral, hangedman_decor_diamond_cutter

Skill      XL: |  1  2  3  4 |
---------------+-------------+-----
Shields        | 4 |  4.8
Maces & Flails | 3 4 |  4.2
Armour         | 4 |  4.3
Fighting       | |  3.2

Action                   |  1- 3 |  4- 6 || total
-------------------------+-------+-------++-------
Melee: Flail             |    99 |       ||    99
       Whip              |    37 |    88 ||   125
Armor: Scale mail        |    65 |       ||    65
       Chain mail        |    16 |    49 ||    65
Dodge: Dodged            |    90 |    24 ||   114
Block: Buckler           |    39 |    18 ||    57

Table legend: (Time is in decaauts)
 A = Elapsed time spent in this place.
 B = Non-inter-level travel time spent in this place.
 C = Inter-level travel time spent in this place.
 D = Time resting spent in this place.
 E = Time spent auto-exploring this place.
 F = Levels seen in this place.
 G = Mean time per level.
                   A        B        C        D        E       F      G
               +--------+--------+--------+--------+--------+-----+--------+
         Total |   3443 |   3255 |    188 |    242 |   2470 |   4 |  860.8 |
       Dungeon |   3443 |   3255 |    188 |    242 |   2470 |   4 |  860.8 |
               +--------+--------+--------+--------+--------+-----+--------+

Top non-repeatable levels by time:
     D:1: 1522 daAuts
     D:2: 1084 daAuts
     D:3: 813 daAuts
     D:4: 23 daAuts
